Colorado Rockies vs Philadelphia Flyers
Created - Wednesday, November 8, 2023 at 07:32
Goals
|
| Colorado Rockies |
0 |
2 |
1 |
3 |
| Philadelphia Flyers |
0 |
1 |
0 |
1 |
|
Shots
|
| Colorado Rockies |
12 |
13 |
13 |
38 |
| Philadelphia Flyers |
6 |
15 |
10 |
31 |
|
1st period
No Goal
Penalties :
Tim Stutzle (COL) for Tripping (Minor) at 5:39, Justin Faulk (PHI) for Hooking (Minor) at 13:30
2nd period
1. Philadelphia Flyers , Marcus Johansson 17 (Radek Faksa 15) at 7:06
2. Colorado Rockies , Roman Josi 4 (Shea Theodore 6) at 9:34
3. Colorado Rockies , David Pastrnak 26 (Tim Stutzle 37, Kyle Connor 29) at 17:44
Penalties :
Nick Bonino (COL) for Hooking (Minor) at 7:09
3rd period
4. Colorado Rockies , Dylan Strome 9 (Martin Fehervary 9, Nick Schmaltz 18) at 14:06
Penalties :
Quinn Hughes (COL) for Roughing (Minor) at 14:59, David Pastrnak (COL) for Roughing (Minor) at 18:15
Goalie Stats
Andrei Vasilevskiy (COL), 30 saves from 31 shots - (0.968), W, 21-11-2, 60:00 minutes
Jake Allen (PHI), 35 saves from 38 shots - (0.921), L, 11-7-3, 60:00 minutes
Players Stats for Colorado Rockies
Player Name G A P +/- PIM S H SB GA TA FO MP PP MP PK MP
------------------------------------------------------------------------------------
David Pastrnak 1 0 1 1 2 7 2 0 0 0 0/1 19:27 1:07 2:30
Dylan Strome 1 0 1 1 0 3 0 0 1 0 1/1 15:45 0:00 4:07
Evgeny Kuznetsov 0 0 0 1 0 2 1 0 0 0 3/5 9:54 0:52 0:00
Jakub Vrana 0 0 0 1 0 2 1 1 0 1 0/0 8:08 0:00 0:00
Jesper Bratt 0 0 0 -1 0 5 1 2 0 1 0/1 15:14 0:00 0:21
Kevin Hayes 0 0 0 -1 0 2 2 0 0 0 0/1 13:26 0:00 0:00
Kyle Connor 0 1 1 1 0 1 0 0 0 0 0/0 20:06 1:07 3:18
Kyle Palmieri 0 0 0 1 0 0 0 0 1 0 0/0 8:08 0:00 0:00
Martin Fehervary 0 1 1 1 0 0 1 2 0 0 0/0 15:56 0:00 0:20
Nick Bonino 0 0 0 1 2 1 0 1 0 0 0/0 11:44 0:00 0:00
Nick Schmaltz 0 1 1 1 0 4 4 0 3 0 5/9 15:45 0:52 2:15
Quinn Hughes 0 0 0 -1 2 3 0 2 0 0 0/0 21:15 1:03 2:53
Roman Josi 1 0 1 2 0 1 1 0 0 0 0/0 23:03 0:56 4:11
Ryan O'Reilly 0 0 0 -1 0 1 2 1 1 0 7/19 14:18 0:52 0:00
Shea Theodore 0 1 1 2 0 0 0 1 0 2 0/0 22:17 0:56 3:41
Tim Stutzle 0 1 1 1 2 4 3 0 0 0 7/18 20:05 1:07 2:51
Timothy Liljegren 0 0 0 1 0 0 1 1 0 2 0/0 15:57 0:00 0:37
Victor Hedman 0 0 0 -1 0 2 2 0 0 0 0/0 21:47 1:03 3:40
Players Stats for Philadelphia Flyers
Player Name G A P +/- PIM S H SB GA TA FO MP PP MP PK MP
------------------------------------------------------------------------------------
Artem Zub 0 0 0 -1 0 0 4 2 0 1 0/0 22:45 3:16 0:53
Auston Matthews 0 0 0 -1 0 6 1 0 1 0 5/9 18:01 3:45 0:03
Ben Chiarot 0 0 0 -1 0 0 4 1 0 1 0/0 18:52 0:00 1:12
Bryan Rust 0 0 0 -1 0 1 1 0 0 0 1/2 13:54 0:00 0:57
Charles Hudon 0 0 0 -1 0 0 2 0 0 0 6/11 14:04 0:00 0:00
Elias Lindholm 0 0 0 0 0 0 1 1 0 0 12/17 16:32 3:50 0:57
Erik Gustafsson 0 0 0 0 0 0 0 3 1 1 0/0 21:42 3:23 0:00
Jesper Fast 0 0 0 -1 0 0 1 0 0 0 0/0 15:01 0:00 0:57
Justin Faulk 0 0 0 0 2 0 2 2 0 2 0/0 8:09 1:02 0:00
Marcus Johansson 1 0 1 0 0 5 0 0 0 0 0/1 16:25 4:00 0:05
Matt Duchene 0 0 0 -1 0 3 2 0 0 0 0/0 16:36 3:35 0:00
Matt Roy 0 0 0 0 0 3 1 1 1 0 0/0 22:20 3:23 1:10
Max Pacioretty 0 0 0 0 0 4 0 0 1 0 1/2 15:17 3:51 0:00
Oliver Ekman-Larsson 0 0 0 -2 0 2 1 1 1 1 0/0 24:35 4:18 0:43
Radek Faksa 0 1 1 0 0 0 1 0 0 0 7/11 12:48 0:00 0:59
Sonny Milano 0 0 0 -1 0 3 1 2 1 0 0/0 14:04 0:00 0:00
Tyler Johnson 0 0 0 0 0 2 0 0 0 0 0/1 11:35 0:06 0:00
Vladimir Tarasenko 0 0 0 0 0 2 0 0 0 0 0/1 15:20 3:56 0:00
3 Stars
1 - Andrei Vasilevskiy (COL)
2 - Roman Josi (COL)
3 - Dylan Strome (COL)
Power Play
Colorado Rockies - 0 on 1 Attempt(s) - 0.00%
Philadelphia Flyers - 0 on 4 Attempt(s) - 0.00%
Penalty Kill
Colorado Rockies - 4 on 4 Attempt(s) - 100.00%
- Score 0 goal in Penalty Kill
Philadelphia Flyers - 1 on 1 Attempt(s) - 100.00%
- Score 0 goal in Penalty Kill
Team Stat
Colorado Rockies - Hits : 21 - Faceoff Wins : 23 - Blocked Shots : 11 - Penalty Minutes : 8
Philadelphia Flyers - Hits : 22 - Faceoff Wins : 32 - Blocked Shots : 13 - Penalty Minutes : 2
Official
Referees : Garrett Rank and Frederick L'Ecuyer
Linesman : Darren Gibbs and Pierre Racicot
Game Notes
Justin Faulk is injured at 2:33 of 2nd period (Bruised Right Foot)
Finance
Level 1 -- Attendance: 4724 (78.73%) -- Ticket Income $458,228
Level 2 -- Attendance: 5000 (100.00%) -- Ticket Income $285,000
Level 3 -- Attendance: 2747 (91.57%) -- Ticket Income $93,398
Level 4 -- Attendance: 4639 (92.78%) -- Ticket Income $106,697
Luxury Box -- Attendance: 868 (86.80%) -- Ticket Income $169,260
Game was played at the Wells Fargo Center.
Total Attendance: 17978 (89.89%)
Total Ticket Income: $1,112,583
Other Income: $389,404
Total Income: $1,501,987
Colorado Rockies
5 vs 5 Forward
Center Left Wing Right Wing Time % Phy DF OF
1 Tim Stutzle David Pastrnak Kyle Connor 30 1 2 2
2 Ryan O'Reilly Jesper Bratt Kevin Hayes 30 1 2 2
3 Nick Schmaltz Dylan Strome Nick Bonino 25 1 2 2
4 Evgeny Kuznetsov Kyle Palmieri Jakub Vrana 15 1 2 2
5 vs 5 Defense
Defense Defense Time % Phy DF OF
1 Victor Hedman Quinn Hughes 35 1 2 2
2 Roman Josi Shea Theodore 35 1 2 2
3 Martin Fehervary Timothy Liljegren 30 1 2 2
4 Victor Hedman Quinn Hughes 0 1 2 2
PowerPlay Forward
Center Left Wing Right Wing Time % Phy DF OF
1 Tim Stutzle David Pastrnak Kyle Connor 50 1 2 2
2 Ryan O'Reilly Nick Schmaltz Evgeny Kuznetsov 50 1 2 2
PowerPlay Defense
Defense Defense Time % Phy DF OF
1 Victor Hedman Quinn Hughes 50 1 2 2
2 Roman Josi Shea Theodore 50 1 2 2
Penalty Kill 4 Players Forward
Center Wing Time % Phy DF OF
1 Tim Stutzle Kyle Connor 50 1 2 2
2 David Pastrnak Dylan Strome 50 1 2 2
Penalty Kill 4 Players Defense
Defense Defense Time % Phy DF OF
1 Victor Hedman Quinn Hughes 50 1 2 2
2 Roman Josi Shea Theodore 50 1 2 2
Penalty Kill - 3 Players Forward
Forward Time % Phy DF OF
1 Tim Stutzle 50 1 2 2
2 David Pastrnak 50 1 2 2
Penalty Kill - 3 Players Defense
Defense Defense Time % Phy DF OF
1 Victor Hedman Quinn Hughes 50 1 2 2
2 Roman Josi Shea Theodore 50 1 2 2
4 vs 4 Forward
Center Wing Time % Phy DF OF
1 Tim Stutzle Ryan O'Reilly 50 1 2 2
2 David Pastrnak Kyle Connor 50 1 2 2
4 vs 4 Defense
Defense Defense Time % Phy DF OF
1 Victor Hedman Quinn Hughes 50 1 2 2
2 Roman Josi Shea Theodore 50 1 2 2
Last Minutes Offensive
Center Left Wing Right Wing Defense Defense
Tim Stutzle Kyle Connor David Pastrnak Victor Hedman Quinn Hughes
Last Minutes Defensive
Center Left Wing Right Wing Defense Defense
Tim Stutzle Kyle Connor David Pastrnak Victor Hedman Quinn Hughes
Goaltenders
Starting : Andrei Vasilevskiy
Backup : Ilya Samsonov
Extra Forwards
Normal : Nick Schmaltz, Evgeny Kuznetsov, Dylan Strome - PP : Nick Schmaltz, Evgeny Kuznetsov - PK : Dylan Strome
Extra Defensemen
Normal : Martin Fehervary, Timothy Liljegren, Roman Josi - PP : Martin Fehervary - PK : Timothy Liljegren, Roman Josi
Penalty Shots
Tim Stutzle, Evgeny Kuznetsov, David Pastrnak, Kyle Connor, Ryan O'Reilly
Philadelphia Flyers
5 vs 5 Forward
Center Left Wing Right Wing Time % Phy DF OF
1 Auston Matthews Matt Duchene Bryan Rust 25 0 2 3
2 Elias Lindholm Max Pacioretty Vladimir Tarasenko 25 0 2 3
3 Radek Faksa Marcus Johansson Tyler Johnson 25 0 2 3
4 Charles Hudon Jesper Fast Sonny Milano 25 0 3 2
5 vs 5 Defense
Defense Defense Time % Phy DF OF
1 Justin Faulk Ben Chiarot 35 1 2 2
2 Oliver Ekman-Larsson Artem Zub 35 1 2 2
3 Erik Gustafsson Matt Roy 30 1 2 2
4 Justin Faulk Ben Chiarot 0 1 2 2
PowerPlay Forward
Center Left Wing Right Wing Time % Phy DF OF
1 Auston Matthews Max Pacioretty Matt Duchene 50 0 1 4
2 Elias Lindholm Marcus Johansson Vladimir Tarasenko 50 0 1 4
PowerPlay Defense
Defense Defense Time % Phy DF OF
1 Justin Faulk Oliver Ekman-Larsson 50 0 2 3
2 Erik Gustafsson Matt Roy 50 0 2 3
Penalty Kill 4 Players Forward
Center Wing Time % Phy DF OF
1 Radek Faksa Bryan Rust 50 0 4 1
2 Elias Lindholm Jesper Fast 50 0 4 1
Penalty Kill 4 Players Defense
Defense Defense Time % Phy DF OF
1 Justin Faulk Ben Chiarot 50 0 5 0
2 Artem Zub Matt Roy 50 0 5 0
Penalty Kill - 3 Players Forward
Forward Time % Phy DF OF
1 Radek Faksa 50 0 5 0
2 Elias Lindholm 50 0 5 0
Penalty Kill - 3 Players Defense
Defense Defense Time % Phy DF OF
1 Justin Faulk Ben Chiarot 50 0 5 0
2 Artem Zub Matt Roy 50 0 5 0
4 vs 4 Forward
Center Wing Time % Phy DF OF
1 Auston Matthews Matt Duchene 50 0 2 3
2 Elias Lindholm Max Pacioretty 50 0 3 2
4 vs 4 Defense
Defense Defense Time % Phy DF OF
1 Justin Faulk Ben Chiarot 50 0 3 2
2 Oliver Ekman-Larsson Artem Zub 50 0 3 2
Last Minutes Offensive
Center Left Wing Right Wing Defense Defense
Auston Matthews Max Pacioretty Matt Duchene Justin Faulk Oliver Ekman-Larsson
Last Minutes Defensive
Center Left Wing Right Wing Defense Defense
Elias Lindholm Radek Faksa Bryan Rust Ben Chiarot Matt Roy
Goaltenders
Starting : Jake Allen
Backup : Connor Ingram
Extra Forwards
Normal : Auston Matthews, Elias Lindholm, Matt Duchene - PP : Auston Matthews, Elias Lindholm - PK : Elias Lindholm
Extra Defensemen
Normal : Justin Faulk, Oliver Ekman-Larsson, Erik Gustafsson - PP : Justin Faulk - PK : Ben Chiarot, Matt Roy
Penalty Shots
Auston Matthews, Matt Duchene, Max Pacioretty, Elias Lindholm, Vladimir Tarasenko
% Time on Ice - Colorado Rockies
Lines # - Real PCT - Wanted PCT - Time Play
Normal Forward
1 - 34% - 30% - 17:08
2 - 27% - 30% - 13:36
3 - 23% - 25% - 11:28
4 - 16% - 15% - 8:08
Normal Defense
1 - 34% - 35% - 17:20
2 - 35% - 35% - 17:40
3 - 30% - 30% - 15:20
4 - 0% - 0% - 0:00
PP Forward
1 - 56% - 50% - 1:07
2 - 44% - 50% - 0:52
PP Defense
1 - 53% - 50% - 1:03
2 - 47% - 50% - 0:56
PK Forward
1 - 46% - 50% - 3:30
2 - 54% - 50% - 4:11
PK Defense
1 - 52% - 50% - 4:00
2 - 48% - 50% - 3:41
PK3 Forward
1 - 0% - 50%
2 - 0% - 50%
PK3 Defense
1 - 0% - 50%
2 - 0% - 50%
44 Forward
1 - 0% - 50%
2 - 0% - 50%
44 Defense
1 - 0% - 50%
2 - 0% - 50%
Last Minute Offensive - 0:00
Last Minute Defensive - 0:00
Total
Forward - 60:00
Defense - 60:00
|
% Time on Ice - Philadelphia Flyers
Lines # - Real PCT - Wanted PCT - Time Play
Normal Forward
1 - 27% - 25% - 13:23
2 - 23% - 25% - 11:24
3 - 23% - 25% - 11:29
4 - 28% - 25% - 14:04
Normal Defense
1 - 38% - 35% - 19:14
2 - 31% - 35% - 15:45
3 - 30% - 30% - 14:55
4 - 1% - 0% - 0:26
PP Forward
1 - 50% - 50% - 3:51
2 - 50% - 50% - 3:50
PP Defense
1 - 56% - 50% - 4:18
2 - 44% - 50% - 3:23
PK Forward
1 - 52% - 50% - 1:02
2 - 48% - 50% - 0:57
PK Defense
1 - 92% - 50% - 1:50
2 - 8% - 50% - 0:09
PK3 Forward
1 - 0% - 50%
2 - 0% - 50%
PK3 Defense
1 - 0% - 50%
2 - 0% - 50%
44 Forward
1 - 0% - 50%
2 - 0% - 50%
44 Defense
1 - 0% - 50%
2 - 0% - 50%
Last Minute Offensive - 0:00
Last Minute Defensive - 0:00
Total
Forward - 60:00
Defense - 60:00
|
Play-by-Play
1st period
0:01 of 1st period - Auston Matthews wins face-off versus Tim Stutzle in neutral zone.
1:32 of 1st period - Kyle Connor is hit by Artem Zub and loses puck.
1:57 of 1st period - Elias Lindholm is hit by Kevin Hayes and loses puck.
2:29 of 1st period - Jesper Fast is hit by Jakub Vrana and loses puck.
2:42 of 1st period - Snap shot by Evgeny Kuznetsov.
2:42 of 1st period - Stopped by Jake Allen without a rebound.
2:43 of 1st period - Elias Lindholm wins face-off versus Tim Stutzle in Philadelphia Flyers zone.
2:48 of 1st period - Tim Stutzle is hit by Justin Faulk and loses puck.
3:13 of 1st period - Off-side.
3:14 of 1st period - Charles Hudon wins face-off versus Ryan O'Reilly in neutral zone.
3:21 of 1st period - Off-side.
3:22 of 1st period - Nick Schmaltz wins face-off versus Charles Hudon in neutral zone.
3:33 of 1st period - Wrist shot by Dylan Strome.
3:33 of 1st period - Shot Misses the Net.
3:35 of 1st period - Wrist shot by Martin Fehervary.
3:35 of 1st period - Shot Blocked by Erik Gustafsson.
3:49 of 1st period - Jesper Bratt is hit by Auston Matthews and loses puck.
4:08 of 1st period - Snap shot by Marcus Johansson.
4:08 of 1st period - Shot Misses the Net.
4:18 of 1st period - David Pastrnak is hit by Oliver Ekman-Larsson and loses puck.
4:31 of 1st period - Snap shot by Max Pacioretty.
4:31 of 1st period - Shot Blocked by Martin Fehervary.
4:57 of 1st period - Nick Bonino is hit by Sonny Milano and loses puck.
5:31 of 1st period - Tim Stutzle is hit by Matt Roy and loses puck.
5:36 of 1st period - Wrist shot by Marcus Johansson.
5:36 of 1st period - Stopped by Andrei Vasilevskiy without a rebound.
5:37 of 1st period - Tim Stutzle wins face-off versus Elias Lindholm in Colorado Rockies zone.
5:39 of 1st period - Minor Penalty to Tim Stutzle for Tripping.
5:40 of 1st period - Dylan Strome wins face-off versus Auston Matthews in Colorado Rockies zone.
6:11 of 1st period - Slapshot by Marcus Johansson.
6:11 of 1st period - Shot Blocked by Quinn Hughes.
6:13 of 1st period - Slapshot by Matt Roy.
6:13 of 1st period - Stopped by Andrei Vasilevskiy with a rebound.
6:15 of 1st period - Wrist shot by Marcus Johansson.
6:15 of 1st period - Shot Misses the Net.
6:17 of 1st period - Wrist shot by Matt Roy.
6:17 of 1st period - Shot Misses the Net.
6:40 of 1st period - Icing by Matt Roy.
6:41 of 1st period - Elias Lindholm wins face-off versus David Pastrnak in Philadelphia Flyers zone.
7:39 of 1st period - Penalty to Tim Stutzle is over, Tim Stutzle is back on ice.
7:48 of 1st period - Off-side.
7:49 of 1st period - Charles Hudon wins face-off versus Ryan O'Reilly in neutral zone.
8:04 of 1st period - Wrist shot by Jesper Bratt.
8:04 of 1st period - Stopped by Jake Allen without a rebound.
8:05 of 1st period - Tim Stutzle wins face-off versus Elias Lindholm in Philadelphia Flyers zone.
8:16 of 1st period - Justin Faulk is hit by Victor Hedman and loses puck.
8:39 of 1st period - Snap shot by Marcus Johansson.
8:39 of 1st period - Stopped by Andrei Vasilevskiy without a rebound.
8:40 of 1st period - Tim Stutzle wins face-off versus Auston Matthews in Colorado Rockies zone.
8:53 of 1st period - Slapshot by Kyle Connor.
8:53 of 1st period - Shot Misses the Net.
9:33 of 1st period - Off-side.
9:34 of 1st period - Nick Schmaltz wins face-off versus Charles Hudon in neutral zone.
9:37 of 1st period - Slapshot by Nick Schmaltz.
9:37 of 1st period - Stopped by Jake Allen with a rebound.
9:47 of 1st period - Dylan Strome is hit by Jesper Fast and loses puck.
10:45 of 1st period - Wrist shot by Jesper Bratt.
10:45 of 1st period - Shot Misses the Net.
10:49 of 1st period - Slapshot by Jesper Bratt.
10:49 of 1st period - Stopped by Jake Allen with a rebound.
10:51 of 1st period - Wrist shot by Jesper Bratt.
10:51 of 1st period - Shot Misses the Net.
11:08 of 1st period - Slapshot by Quinn Hughes.
11:08 of 1st period - Stopped by Jake Allen with a rebound.
11:10 of 1st period - Slapshot by Kyle Connor.
11:10 of 1st period - Stopped by Jake Allen with a rebound.
11:12 of 1st period - Slapshot by Quinn Hughes.
11:12 of 1st period - Stopped by Jake Allen with a rebound.
11:14 of 1st period - Wrist shot by David Pastrnak.
11:14 of 1st period - Shot Misses the Net.
11:16 of 1st period - Snap shot by David Pastrnak.
11:16 of 1st period - Stopped by Jake Allen without a rebound.
11:17 of 1st period - Elias Lindholm wins face-off versus Nick Schmaltz in Philadelphia Flyers zone.
11:24 of 1st period - Backhand shot by Max Pacioretty.
11:24 of 1st period - Stopped by Andrei Vasilevskiy with a rebound.
11:32 of 1st period - Vladimir Tarasenko is hit by Nick Schmaltz.
12:12 of 1st period - Wrist shot by Matt Duchene.
12:12 of 1st period - Shot Misses the Net.
12:14 of 1st period - Wrist shot by Bryan Rust.
12:14 of 1st period - Deflect By Tim Stutzle.
12:14 of 1st period - Shot Misses the Net.
12:14 of 1st period - Puck is out of play.
12:15 of 1st period - Radek Faksa wins face-off versus Nick Schmaltz in Colorado Rockies zone.
12:16 of 1st period - Snap shot by Tyler Johnson.
12:16 of 1st period - Shot Misses the Net.
12:22 of 1st period - Wrist shot by Nick Schmaltz.
12:22 of 1st period - Shot Blocked by Justin Faulk.
12:42 of 1st period - David Pastrnak is hit by Justin Faulk and loses puck.
13:07 of 1st period - Slapshot by Jakub Vrana.
13:07 of 1st period - Stopped by Jake Allen without a rebound.
13:08 of 1st period - Evgeny Kuznetsov wins face-off versus Radek Faksa in Philadelphia Flyers zone.
13:09 of 1st period - Snap shot by Jakub Vrana.
13:09 of 1st period - Shot Misses the Net.
13:30 of 1st period - Minor Penalty to Justin Faulk for Hooking.
13:31 of 1st period - Radek Faksa wins face-off versus Tim Stutzle in Philadelphia Flyers zone.
13:31 of 1st period - Radek Faksa is hit by David Pastrnak.
14:02 of 1st period - Matt Roy is hit by Nick Schmaltz and loses puck.
15:30 of 1st period - Penalty to Justin Faulk is over, Justin Faulk is back on ice.
15:49 of 1st period - Wrist shot by Jesper Bratt.
15:49 of 1st period - Deflect By Ryan O'Reilly.
15:49 of 1st period - Stopped by Jake Allen without a rebound.
15:50 of 1st period - Elias Lindholm wins face-off versus Ryan O'Reilly in Philadelphia Flyers zone.
16:35 of 1st period - Snap shot by Auston Matthews.
16:35 of 1st period - Stopped by Andrei Vasilevskiy without a rebound.
16:36 of 1st period - Nick Schmaltz wins face-off versus Bryan Rust in Colorado Rockies zone.
16:57 of 1st period - Nick Bonino is hit by Bryan Rust and loses puck.
17:14 of 1st period - Snap shot by Matt Duchene.
17:14 of 1st period - Stopped by Andrei Vasilevskiy with a rebound.
17:34 of 1st period - Wrist shot by Nick Schmaltz.
17:34 of 1st period - Shot Misses the Net.
17:36 of 1st period - Wrist shot by Nick Schmaltz.
17:36 of 1st period - Stopped by Jake Allen with a rebound.
17:38 of 1st period - Snap shot by Nick Bonino.
17:38 of 1st period - Stopped by Jake Allen without a rebound.
17:39 of 1st period - Tim Stutzle wins face-off versus Charles Hudon in Philadelphia Flyers zone.
18:26 of 1st period - Quinn Hughes is hit by Ben Chiarot and loses puck.
18:47 of 1st period - Matt Roy is hit by Jesper Bratt and loses puck.
19:56 of 1st period - Slapshot by Jesper Fast.
19:56 of 1st period - Shot Blocked by Jakub Vrana.
Goals for this period are 0 for Colorado Rockies vs 0 for Philadelphia Flyers.
Shots for this period are 12 for Colorado Rockies vs 6 for Philadelphia Flyers.
2nd period
0:01 of 2nd period - Ryan O'Reilly wins face-off versus Marcus Johansson in neutral zone.
0:16 of 2nd period - Snap shot by Marcus Johansson.
0:16 of 2nd period - Shot Blocked by Shea Theodore.
0:26 of 2nd period - Artem Zub is hit by Tim Stutzle and loses puck.
0:51 of 2nd period - Slapshot by Oliver Ekman-Larsson.
0:51 of 2nd period - Stopped by Andrei Vasilevskiy without a rebound.
0:52 of 2nd period - Elias Lindholm wins face-off versus Ryan O'Reilly in Colorado Rockies zone.
0:53 of 2nd period - Slapshot by Max Pacioretty.
0:53 of 2nd period - Stopped by Andrei Vasilevskiy without a rebound.
0:54 of 2nd period - Ryan O'Reilly wins face-off versus Elias Lindholm in Colorado Rockies zone.
1:01 of 2nd period - Wrist shot by Jesper Bratt.
1:01 of 2nd period - Shot Misses the Net.
1:07 of 2nd period - Martin Fehervary is hit by Elias Lindholm.
1:37 of 2nd period - Wrist shot by Kevin Hayes.
1:37 of 2nd period - Deflect By Ryan O'Reilly.
1:37 of 2nd period - Shot Blocked by Elias Lindholm.
1:37 of 2nd period - Puck is out of play.
1:38 of 2nd period - Tim Stutzle wins face-off versus Radek Faksa in Philadelphia Flyers zone.
1:39 of 2nd period - Wrist shot by Kyle Connor.
1:39 of 2nd period - Shot Misses the Net.
1:41 of 2nd period - Snap shot by Tim Stutzle.
1:41 of 2nd period - Shot Blocked by Artem Zub.
1:43 of 2nd period - Slapshot by Victor Hedman.
1:43 of 2nd period - Stopped by Jake Allen with a rebound.
1:45 of 2nd period - Slapshot by David Pastrnak.
1:45 of 2nd period - Stopped by Jake Allen with a rebound.
1:47 of 2nd period - Wrist shot by Quinn Hughes.
1:47 of 2nd period - Deflect By David Pastrnak.
1:47 of 2nd period - Shot Blocked by Artem Zub.
1:47 of 2nd period - Puck is out of play.
1:48 of 2nd period - Radek Faksa wins face-off versus Tim Stutzle in Philadelphia Flyers zone.
2:00 of 2nd period - Off-side.
2:01 of 2nd period - Charles Hudon wins face-off versus Tim Stutzle in neutral zone.
2:16 of 2nd period - Snap shot by Sonny Milano.
2:16 of 2nd period - Shot Misses the Net.
2:26 of 2nd period - Tyler Johnson is hit by Ryan O'Reilly and loses puck.
2:33 of 2nd period - Snap shot by Jesper Bratt.
2:33 of 2nd period - Shot Blocked by Justin Faulk.
2:33 of 2nd period - Justin Faulk from Philadelphia Flyers is injured at 2:33 of 2nd period (Bruised Right Foot).
2:34 of 2nd period - Auston Matthews wins face-off versus Tim Stutzle in Philadelphia Flyers zone.
2:49 of 2nd period - Matt Roy is hit by Martin Fehervary and loses puck.
3:59 of 2nd period - Wrist shot by David Pastrnak.
3:59 of 2nd period - Stopped by Jake Allen with a rebound.
4:09 of 2nd period - Wrist shot by Matt Duchene.
4:09 of 2nd period - Shot Misses the Net.
5:03 of 2nd period - Snap shot by Auston Matthews.
5:03 of 2nd period - Stopped by Andrei Vasilevskiy with a rebound.
5:05 of 2nd period - Wrist shot by Bryan Rust.
5:05 of 2nd period - Stopped by Andrei Vasilevskiy with a rebound.
5:07 of 2nd period - Slapshot by Matt Roy.
5:07 of 2nd period - Shot Blocked by Timothy Liljegren.
5:44 of 2nd period - Snap shot by Auston Matthews.
5:44 of 2nd period - Stopped by Andrei Vasilevskiy without a rebound.
5:45 of 2nd period - Ryan O'Reilly wins face-off versus Charles Hudon in Colorado Rockies zone.
6:48 of 2nd period - Snap shot by Marcus Johansson.
6:48 of 2nd period - Stopped by Andrei Vasilevskiy without a rebound.
6:49 of 2nd period - Elias Lindholm wins face-off versus Ryan O'Reilly in Colorado Rockies zone.
7:02 of 2nd period - Wrist shot by Vladimir Tarasenko.
7:02 of 2nd period - Stopped by Andrei Vasilevskiy without a rebound.
7:03 of 2nd period - Radek Faksa wins face-off versus Nick Schmaltz in Colorado Rockies zone.
7:04 of 2nd period - Slapshot by Marcus Johansson.
7:04 of 2nd period - Stopped by Andrei Vasilevskiy without a rebound.
7:05 of 2nd period - Radek Faksa wins face-off versus Jesper Bratt in Colorado Rockies zone.
7:06 of 2nd period - Slapshot by Marcus Johansson.
7:06 of 2nd period - Goal by Marcus Johansson - Colorado Rockies : 0 - Philadelphia Flyers : 1.
7:07 of 2nd period - Nick Schmaltz wins face-off versus Radek Faksa in neutral zone.
7:09 of 2nd period - Minor Penalty to Nick Bonino for Hooking.
7:10 of 2nd period - Elias Lindholm wins face-off versus Nick Schmaltz in Colorado Rockies zone.
7:49 of 2nd period - Icing by Auston Matthews.
7:50 of 2nd period - Tim Stutzle wins face-off versus Auston Matthews in Philadelphia Flyers zone.
9:09 of 2nd period - Penalty to Nick Bonino is over, Nick Bonino is back on ice.
9:25 of 2nd period - Wrist shot by Sonny Milano.
9:25 of 2nd period - Stopped by Andrei Vasilevskiy without a rebound.
9:26 of 2nd period - Evgeny Kuznetsov wins face-off versus Charles Hudon in Colorado Rockies zone.
9:28 of 2nd period - Icing by Shea Theodore.
9:29 of 2nd period - Charles Hudon wins face-off versus Evgeny Kuznetsov in Colorado Rockies zone.
9:34 of 2nd period - Wrist shot by Roman Josi.
9:34 of 2nd period - Goal by Roman Josi - Colorado Rockies : 1 - Philadelphia Flyers : 1.
9:35 of 2nd period - Ryan O'Reilly wins face-off versus Vladimir Tarasenko in neutral zone.
9:40 of 2nd period - Wrist shot by Kevin Hayes.
9:40 of 2nd period - Deflect By Jesper Bratt.
9:40 of 2nd period - Stopped by Jake Allen with a rebound.
10:10 of 2nd period - Slapshot by Dylan Strome.
10:10 of 2nd period - Stopped by Jake Allen without a rebound.
10:11 of 2nd period - Radek Faksa wins face-off versus Ryan O'Reilly in Philadelphia Flyers zone.
11:20 of 2nd period - Snap shot by Tim Stutzle.
11:20 of 2nd period - Stopped by Jake Allen with a rebound.
11:26 of 2nd period - David Pastrnak is hit by Matt Duchene and loses puck.
12:01 of 2nd period - Elias Lindholm is hit by Victor Hedman and loses puck.
13:54 of 2nd period - Wrist shot by Jesper Fast.
13:54 of 2nd period - Shot Blocked by Nick Bonino.
14:16 of 2nd period - Slapshot by Evgeny Kuznetsov.
14:16 of 2nd period - Shot Misses the Net.
14:28 of 2nd period - Snap shot by Vladimir Tarasenko.
14:28 of 2nd period - Shot Misses the Net.
14:30 of 2nd period - Slapshot by Auston Matthews.
14:30 of 2nd period - Stopped by Andrei Vasilevskiy without a rebound.
14:31 of 2nd period - Elias Lindholm wins face-off versus Ryan O'Reilly in Colorado Rockies zone.
14:38 of 2nd period - Snap shot by Max Pacioretty.
14:38 of 2nd period - Shot Blocked by Ryan O'Reilly.
14:40 of 2nd period - Snap shot by Vladimir Tarasenko.
14:40 of 2nd period - Stopped by Andrei Vasilevskiy with a rebound.
14:42 of 2nd period - Slapshot by Ben Chiarot.
14:42 of 2nd period - Shot Blocked by Jesper Bratt.
14:44 of 2nd period - Slapshot by Oliver Ekman-Larsson.
14:44 of 2nd period - Stopped by Andrei Vasilevskiy without a rebound.
14:45 of 2nd period - Nick Schmaltz wins face-off versus Tyler Johnson in Colorado Rockies zone.
15:39 of 2nd period - Snap shot by Evgeny Kuznetsov.
15:39 of 2nd period - Shot Blocked by Erik Gustafsson.
15:41 of 2nd period - Wrist shot by Jakub Vrana.
15:41 of 2nd period - Stopped by Jake Allen with a rebound.
15:43 of 2nd period - Snap shot by Evgeny Kuznetsov.
15:43 of 2nd period - Stopped by Jake Allen with a rebound.
15:53 of 2nd period - Snap shot by Tim Stutzle.
15:53 of 2nd period - Stopped by Jake Allen without a rebound.
15:54 of 2nd period - Auston Matthews wins face-off versus Tim Stutzle in Philadelphia Flyers zone.
16:21 of 2nd period - Shea Theodore is hit by Artem Zub and loses puck.
16:32 of 2nd period - Snap shot by Bryan Rust.
16:32 of 2nd period - Shot Misses the Net.
16:42 of 2nd period - Bryan Rust is hit by Tim Stutzle and loses puck.
16:53 of 2nd period - Backhand shot by Tim Stutzle.
16:53 of 2nd period - Shot Misses the Net.
17:38 of 2nd period - Snap shot by Tim Stutzle.
17:38 of 2nd period - Stopped by Jake Allen with a rebound.
17:40 of 2nd period - Snap shot by Tim Stutzle.
17:40 of 2nd period - Shot Misses the Net.
17:42 of 2nd period - Slapshot by Tim Stutzle.
17:42 of 2nd period - Shot Blocked by Oliver Ekman-Larsson.
17:44 of 2nd period - Snap shot by David Pastrnak.
17:44 of 2nd period - Goal by David Pastrnak - Colorado Rockies : 2 - Philadelphia Flyers : 1.
17:45 of 2nd period - Ryan O'Reilly wins face-off versus Radek Faksa in neutral zone.
17:58 of 2nd period - Slapshot by Jesper Bratt.
17:58 of 2nd period - Stopped by Jake Allen with a rebound.
18:51 of 2nd period - Slapshot by Marcus Johansson.
18:51 of 2nd period - Deflect By Tyler Johnson.
18:51 of 2nd period - Shot Blocked by Jesper Bratt.
18:51 of 2nd period - Puck is out of play.
18:52 of 2nd period - Charles Hudon wins face-off versus Ryan O'Reilly in Colorado Rockies zone.
19:03 of 2nd period - Jesper Fast is hit by Timothy Liljegren and loses puck.
19:23 of 2nd period - Snap shot by Vladimir Tarasenko.
19:23 of 2nd period - Shot Misses the Net.
19:25 of 2nd period - Wrist shot by Vladimir Tarasenko.
19:25 of 2nd period - Shot Misses the Net.
19:27 of 2nd period - Wrist shot by Max Pacioretty.
19:27 of 2nd period - Stopped by Andrei Vasilevskiy with a rebound.
19:29 of 2nd period - Slapshot by Matt Roy.
19:29 of 2nd period - Stopped by Andrei Vasilevskiy with a rebound.
19:31 of 2nd period - Slapshot by Matt Roy.
19:31 of 2nd period - Shot Misses the Net.
Goals for this period are 2 for Colorado Rockies vs 1 for Philadelphia Flyers.
Shots for this period are 13 for Colorado Rockies vs 15 for Philadelphia Flyers.
3rd period
0:01 of 3rd period - Elias Lindholm wins face-off versus Ryan O'Reilly in neutral zone.
0:14 of 3rd period - Wrist shot by Jesper Bratt.
0:14 of 3rd period - Stopped by Jake Allen with a rebound.
0:16 of 3rd period - Snap shot by Kevin Hayes.
0:16 of 3rd period - Stopped by Jake Allen with a rebound.
0:51 of 3rd period - Snap shot by Tyler Johnson.
0:51 of 3rd period - Stopped by Andrei Vasilevskiy with a rebound.
1:12 of 3rd period - Icing by Radek Faksa.
1:13 of 3rd period - Auston Matthews wins face-off versus Evgeny Kuznetsov in Philadelphia Flyers zone.
2:00 of 3rd period - Quinn Hughes is hit by Ben Chiarot and loses puck.
2:19 of 3rd period - Snap shot by Tyler Johnson.
2:19 of 3rd period - Stopped by Andrei Vasilevskiy without a rebound.
2:20 of 3rd period - Radek Faksa wins face-off versus Tim Stutzle in Colorado Rockies zone.
2:45 of 3rd period - Roman Josi is hit by Charles Hudon and loses puck.
3:04 of 3rd period - Jesper Fast is hit by Roman Josi and loses puck.
3:28 of 3rd period - Off-side.
3:29 of 3rd period - Elias Lindholm wins face-off versus Ryan O'Reilly in neutral zone.
3:56 of 3rd period - Dylan Strome is hit by Radek Faksa and loses puck.
4:05 of 3rd period - Tyler Johnson is hit by Nick Schmaltz.
4:39 of 3rd period - Artem Zub is hit by Nick Schmaltz and loses puck.
4:50 of 3rd period - Auston Matthews is hit by Ryan O'Reilly and loses puck.
4:59 of 3rd period - Victor Hedman is hit by Ben Chiarot and loses puck.
5:29 of 3rd period - Nick Schmaltz is hit by Artem Zub and loses puck.
5:38 of 3rd period - Snap shot by Sonny Milano.
5:38 of 3rd period - Stopped by Andrei Vasilevskiy with a rebound.
7:16 of 3rd period - Slapshot by Victor Hedman.
7:16 of 3rd period - Stopped by Jake Allen with a rebound.
7:20 of 3rd period - Snap shot by Evgeny Kuznetsov.
7:20 of 3rd period - Shot Blocked by Erik Gustafsson.
7:22 of 3rd period - Wrist shot by Kyle Palmieri.
7:22 of 3rd period - Shot Blocked by Sonny Milano.
8:18 of 3rd period - Wrist shot by David Pastrnak.
8:18 of 3rd period - Stopped by Jake Allen with a rebound.
8:20 of 3rd period - Slapshot by Timothy Liljegren.
8:20 of 3rd period - Shot Misses the Net.
8:22 of 3rd period - Slapshot by Tim Stutzle.
8:22 of 3rd period - Stopped by Jake Allen with a rebound.
8:28 of 3rd period - Marcus Johansson is hit by Tim Stutzle and loses puck.
8:43 of 3rd period - Timothy Liljegren is hit by Matt Duchene and loses puck.
9:02 of 3rd period - Auston Matthews is hit by David Pastrnak and loses puck.
9:15 of 3rd period - Snap shot by Matt Duchene.
9:15 of 3rd period - Stopped by Andrei Vasilevskiy with a rebound.
9:17 of 3rd period - Slapshot by Marcus Johansson.
9:17 of 3rd period - Shot Misses the Net.
9:19 of 3rd period - Slapshot by Matt Roy.
9:19 of 3rd period - Shot Blocked by Quinn Hughes.
9:25 of 3rd period - Snap shot by Auston Matthews.
9:25 of 3rd period - Stopped by Andrei Vasilevskiy without a rebound.
9:26 of 3rd period - Ryan O'Reilly wins face-off versus Max Pacioretty in Colorado Rockies zone.
9:26 of 3rd period - Ryan O'Reilly is hit by Ben Chiarot.
9:36 of 3rd period - Snap shot by Ryan O'Reilly.
9:36 of 3rd period - Shot Hit the Post.
9:56 of 3rd period - Wrist shot by Sonny Milano.
9:56 of 3rd period - Shot Misses the Net.
9:58 of 3rd period - Snap shot by Sonny Milano.
9:58 of 3rd period - Stopped by Andrei Vasilevskiy with a rebound.
10:00 of 3rd period - Slapshot by Artem Zub.
10:00 of 3rd period - Shot Misses the Net.
10:36 of 3rd period - Slapshot by Kevin Hayes.
10:36 of 3rd period - Shot Blocked by Ben Chiarot.
10:38 of 3rd period - Snap shot by Kevin Hayes.
10:38 of 3rd period - Stopped by Jake Allen with a rebound.
11:06 of 3rd period - Snap shot by Nick Schmaltz.
11:06 of 3rd period - Stopped by Jake Allen without a rebound.
11:07 of 3rd period - Evgeny Kuznetsov wins face-off versus Elias Lindholm in Philadelphia Flyers zone.
11:08 of 3rd period - Slapshot by Quinn Hughes.
11:08 of 3rd period - Stopped by Jake Allen with a rebound.
11:29 of 3rd period - Backhand shot by Jesper Bratt.
11:29 of 3rd period - Deflect By Ryan O'Reilly.
11:29 of 3rd period - Shot Hit the Post.
11:29 of 3rd period - Puck is out of play.
11:30 of 3rd period - Charles Hudon wins face-off versus Ryan O'Reilly in Philadelphia Flyers zone.
12:02 of 3rd period - Slapshot by Ben Chiarot.
12:02 of 3rd period - Shot Blocked by Martin Fehervary.
12:21 of 3rd period - Slapshot by Shea Theodore.
12:21 of 3rd period - Shot Blocked by Sonny Milano.
12:41 of 3rd period - Ben Chiarot is hit by Kevin Hayes and loses puck.
12:57 of 3rd period - Slapshot by Matt Roy.
12:57 of 3rd period - Stopped by Andrei Vasilevskiy with a rebound.
13:25 of 3rd period - Wrist shot by Kyle Connor.
13:25 of 3rd period - Shot Blocked by Matt Roy.
13:27 of 3rd period - Wrist shot by David Pastrnak.
13:27 of 3rd period - Stopped by Jake Allen with a rebound.
13:29 of 3rd period - Wrist shot by David Pastrnak.
13:29 of 3rd period - Stopped by Jake Allen without a rebound.
13:30 of 3rd period - Elias Lindholm wins face-off versus Kevin Hayes in Philadelphia Flyers zone.
13:58 of 3rd period - Snap shot by Nick Schmaltz.
13:58 of 3rd period - Shot Misses the Net.
14:00 of 3rd period - Slapshot by Nick Schmaltz.
14:00 of 3rd period - Stopped by Jake Allen with a rebound.
14:02 of 3rd period - Snap shot by Martin Fehervary.
14:02 of 3rd period - Shot Misses the Net.
14:04 of 3rd period - Snap shot by Dylan Strome.
14:04 of 3rd period - Stopped by Jake Allen with a rebound.
14:06 of 3rd period - Wrist shot by Dylan Strome.
14:06 of 3rd period - Deflect By Marcus Johansson.
14:06 of 3rd period - Goal by Dylan Strome - Colorado Rockies : 3 - Philadelphia Flyers : 1.
14:07 of 3rd period - Elias Lindholm wins face-off versus Ryan O'Reilly in neutral zone.
14:10 of 3rd period - Slapshot by Max Pacioretty.
14:10 of 3rd period - Stopped by Andrei Vasilevskiy without a rebound.
14:11 of 3rd period - Ryan O'Reilly wins face-off versus Elias Lindholm in Colorado Rockies zone.
14:40 of 3rd period - Victor Hedman is hit by Artem Zub and loses puck.
14:59 of 3rd period - Minor Penalty to Quinn Hughes for Roughing.
15:00 of 3rd period - Max Pacioretty wins face-off versus Tim Stutzle in Colorado Rockies zone.
15:17 of 3rd period - Snap shot by Matt Duchene.
15:17 of 3rd period - Stopped by Andrei Vasilevskiy with a rebound.
16:59 of 3rd period - Penalty to Quinn Hughes is over, Quinn Hughes is back on ice.
17:13 of 3rd period - Martin Fehervary is hit by Charles Hudon and loses puck.
17:22 of 3rd period - Erik Gustafsson is hit by Evgeny Kuznetsov and loses puck.
18:08 of 3rd period - Off-side.
18:09 of 3rd period - Bryan Rust wins face-off versus Tim Stutzle in neutral zone.
18:12 of 3rd period - Wrist shot by Auston Matthews.
18:12 of 3rd period - Stopped by Andrei Vasilevskiy without a rebound.
18:13 of 3rd period - Tim Stutzle wins face-off versus Auston Matthews in Colorado Rockies zone.
18:15 of 3rd period - Minor Penalty to David Pastrnak for Roughing.
18:16 of 3rd period - Auston Matthews wins face-off versus Tim Stutzle in Colorado Rockies zone.
Goals for this period are 1 for Colorado Rockies vs 0 for Philadelphia Flyers.
Shots for this period are 13 for Colorado Rockies vs 10 for Philadelphia Flyers.
Back to the Top